 Dungeon Crawl Stone Soup version 0.21-a0-348-ga060c75 (webtiles) character file.

14 Internecine the Vexing (level 2, -1/23 HPs)
             Began as a Gnoll Arcane Marksman on Oct 6, 2017.
             Slain by a thrashing horror (14 damage)
             ... on level 2 of the Abyss.
             The game lasted 00:03:30 (312 turns).

Internecine the Vexing (Gnoll Arcane Marksman)       Turns: 312, Time: 00:03:31

Health: -1/23      AC:  3    Str: 12    XL:     2   Next: 45%
Magic:  5/5        EV: 14    Int: 15    God:
Gold:   118        SH:  0    Dex: 15    Spells: 5/6 levels left

rFire    . . .     SeeInvis .   a - +0 hand crossbow
rCold    . . .     Gourm    .   (no shield)
rNeg     . . .     Faith    .   b - +0 leather armour (curse)
rPois    .         Spirit   .   (no helmet)
rElec    .         Reflect  .   (no cloak)
rCorr    .         Harm     .   (no gloves)
MR       .....                  (no boots)
Stlth    +.........             (no amulet)
HPRegen  0.07/turn              (no ring)
MPRegen  0.09/turn              (no ring)

@: no status effects
A: distributed training, fangs 1, strong nose
a: no special abilities


You were on level 2 of the Abyss.
You were not hungry.

You visited 1 branch of the dungeon, and saw 1 of its levels.
You visited the Abyss 1 time.

You collected 118 gold pieces.

Inventory:

Hand Weapons
 a - a +0 hand crossbow (weapon)
 h - a +1 whip of distortion
Missiles
 d - 19 bolts (quivered)
 g - 3 stones
Armour
 b - a cursed +0 leather armour (worn)
 e - a +0 robe
Jewellery
 m - an uncursed ring of wizardry {unknown}
Scrolls
 j - 2 scrolls of remove curse {unknown}
 l - a scroll of identify {unknown}
Potions
 k - a potion of flight {unknown}
Books
 c - a book of Debilitation

   Spells                             Type                      Level
   a - Corona                         Hexes                        1
   b - Slow                           Hexes                        2
   c - Inner Flame                    Hexes/Fire                   3
   d - Portal Projectile              Hexes/Translocation          3
   e - Cause Fear                     Hexes                        4
   f - Leda's Liquefaction            Hexes/Earth                  4
Comestibles
 f - a bread ration
 i - a chunk of flesh


   Skills:
 + Level 2.5 Fighting
 + Level 0.4 Short Blades
 + Level 0.4 Long Blades
 + Level 0.4 Axes
 + Level 0.4 Maces & Flails
 + Level 0.4 Polearms
 + Level 0.4 Staves
 + Level 0.4 Slings
 + Level 0.4 Bows
 + Level 4.5 Crossbows
 + Level 0.4 Throwing
 + Level 0.4 Armour
 + Level 4.5 Dodging
 + Level 0.4 Stealth
 + Level 0.4 Shields
 + Level 0.4 Unarmed Combat
 + Level 2.7 Spellcasting
 + Level 0.4 Conjurations
 + Level 6.5 Hexes
 + Level 0.4 Charms
 + Level 0.4 Summonings
 + Level 0.4 Necromancy
 + Level 0.4 Translocations
 + Level 0.4 Transmutations
 + Level 0.4 Fire Magic
 + Level 0.4 Ice Magic
 + Level 0.4 Air Magic
 + Level 0.4 Earth Magic
 + Level 0.4 Poison Magic
 + Level 0.4 Invocations
 + Level 0.4 Evocations


You had 5 spell levels left.
You knew the following spells:

 Your Spells              Type           Power        Failure   Level  Hunger
a - Corona                Hex            ###....      1%          1    #......


Dungeon Overview and Level Annotations

Branches:
Dungeon (1/15)

Altars:


Innate Abilities, Weirdness & Mutations

Your experience applies equally to all skills.
You have very sharp teeth.
Your uncanny sense of smell can sniff out nearby items.


Message History

You now have 89 gold pieces (gained 31).
Found a scale mail.
Found 29 gold pieces.
Found a blackened marble ring.
Found 5 gold pieces.
You now have 118 gold pieces (gained 29).
m - a blackened marble ring
There are no items here.
An iron imp comes into view.
The iron imp shouts!
Some of the chunks of flesh in your inventory have rotted away.
A thrashing horror comes into view.
The thrashing horror moves out of view.
The iron imp moves out of view.
Found a fizzy purple potion.
Found a bloodstained altar of Trog.
The thrashing horror roars!
The thrashing horror tramples you!
You hold your ground!
The thrashing horror closely misses you.
The thrashing horror tramples you!
Ouch! That really hurt!
You die...

.# ##... . . #. .. .
.. . ###....#. ...#.
...#....#
.!.#.....##.
#....#...# ..
#..#...## . .
..#..@###.# #.#
#...#X.#.##.#.
#..##.......#.### #
#.....#.#..##....#.#
.......#....# . ...#
##....#.#.#.##.....#
##..#..#.#.X.#..#.#
#.#..#.###.5....#
...##.. #....5..#


You could see a thrashing horror, a large abomination and an iron imp.

Vanquished Creatures
  An ooze (D:1)
  A dart slug (D:1)
  A ball python (D:1)
  A giant cockroach (D:1)
  A goblin (D:1)
  A frilled lizard (D:1)
  2 kobolds (D:1)
8 creatures vanquished.

Notes
Turn   | Place    | Note
-------+----------+-------------------------------------------
     0 | D:1      | Internecine the Gnoll Arcane Marksman began the quest for the Orb.
     0 | D:1      | Reached XP level 1. HP: 17/17 MP: 4/4
    84 | D:1      | Reached XP level 2. HP: 20/23 MP: 5/5
   223 | D:1      | Cast into level 1 of the Abyss (a distortion unwield)
   304 | Abyss:2  | Noticed a large abomination
   306 | Abyss:2  | Noticed a thrashing horror
   309 | Abyss:2  | Found a bloodstained altar of Trog.
   312 | Abyss:2  | Slain by a thrashing horror

Vault maps used:
D:1:      roderic_chinese_lattice_arrival
Abyss:1:  lemuel_flamethrower_2

Action                   || total
-------------------------++-------
Melee: Whip              ||     8
 Fire: Hand crossbow     ||    10
Armor: Leather armour    ||     3
Dodge: Dodged            ||    10

Table legend:
 A = Spawn XP
 B = Non-spawn XP
 C = Spawn XP percentage of total XP
 D = Spawn monster count
 E = Non-spawn monster count
 F = Spawn count percentage of total count
 G = Total turns spent on level
                    A         B        C        D         E        F      G
               +---------+---------+-------+---------+---------+-------+---------
         Total |       0 |      21 |   0.0 |       0 |       8 |   0.0 |   312
               +---------+---------+-------+---------+---------+-------+---------
           D:1 |       0 |      21 |   0.0 |       0 |       8 |   0.0 |   223
               +---------+---------+-------+---------+---------+-------+---------
